AoeStats
← caballolibre430

Arabia

508977608Analyzed
1v1 RM · 8d ago on Sep 24, 2026· 60m 40s· 2 players
Game mode
Random Map
Map size
Tiny (2 player)
Population
200
Speed
Normal
Resources
Standard
Victory
Conquest
Starting age
Dark Age
Ending age
Imperial Age
RankedLock teamsTeams togetherTeam positionsShared explorationLock speedFull tech treeHidden civsTurbo modeCheats
Victory
Defeat
🇦🇷 Persians · Argentina
520
+16
🇨🇦 Danes · Canada
515
-16
killerline
0:49 Loom
13:44 Feudal Age
17:31 Castle Age
19:04 Forging
20:48 Squires
23:12 Arson
23:45 Double-Bit Axe
25:20 Bow Saw
24:54 Horse Collar
25:41 Scale Mail Armor
26:21 Gold Mining
27:04 Heavy Plow
29:25 Iron Casting
30:06 Husbandry
31:00 Stone Mining
31:46 Gold Shaft Mining
32:28 Wheelbarrow
31:49 Gambesons
32:37 Bloodlines
33:04 Scale Barding Armor
32:52 Light Cavalry
35:23 Chain Mail Armor
35:02 Fletching
35:35 Hand Cart
36:12 Stone Shaft Mining
37:56 Ballistics
39:28 Murder Holes
43:21 Imperial Age
41:31 Light Cavalry
43:48 Thumb Ring
43:36 Heavy Mounted Crossbowman
45:49 Chemistry
46:00 Cranequins
47:07 Elite Varangian Guard
51:25 Bodkin Arrow
52:49 Bracer
55:43 Elite Jomsviking
caballolibre430
10:27 Feudal Age
9:38 Loom
11:45 Double-Bit Axe
14:40 Bloodlines
15:00 Horse Collar
19:41 Forging
19:36 Scale Barding Armor
22:55 Castle Age
24:07 Iron Casting
23:52 Chain Barding Armor
24:25 Bow Saw
25:11 Heavy Plow
25:05 Gold Mining
26:11 Husbandry
26:10 Fletching
28:44 Bodkin Arrow
31:10 Wheelbarrow
31:10 Parthian Tactics
30:51 Thumb Ring
31:37 Gold Shaft Mining
31:56 Padded Archer Armor
34:14 Stone Mining
35:06 Leather Archer Armor
35:21 Kamandaran
40:54 Imperial Age
39:06 Hand Cart
42:19 Chemistry
42:42 Ring Archer Armor
41:45 Heavy Camel Rider
42:03 Man-at-Arms
42:29 Gambesons
42:45 Squires
44:04 Heated Shot
45:37 Ballistics
46:24 Blast Furnace
46:00 Plate Barding Armor
47:07 Two-Man Saw
47:16 Crop Rotation
48:10 Town Watch
48:37 Murder Holes
52:07 Elite War Elephant
53:01 Citadels
56:05 Stone Shaft Mining
Connection lost

Rejoining the realm…

Still unreachable

The connection could not be restored.

Session expired

The server has moved on; the page needs a fresh start.